 Dungeon Crawl Stone Soup version 0.31.0-11-ge490571c62 (webtiles) character file.

Game seed: 15041028324306869781

166 PaiMei the Grave Robber (level 5, -4/38 HPs)
             Began as a Demonspawn Necromancer on Jan 26, 2024.
             Slain by a kobold brigand
             ... wielding a +0 club
              (6 damage)
             ... in a sewer.
             The game lasted 00:05:57 (3455 turns).

PaiMei the Grave Robber (Demonspawn Necromancer)    Turns: 3455, Time: 00:05:57

Health: -4/38      AC:  2    Str:  8    XL:     5   Next: 22%
Magic:  0/9        EV: 12    Int: 18    God:
Gold:   91         SH:  0    Dex: 13    Spells: 9/10 levels left

rFire   . . .        d - +0 whip
rCold   . . .        (no shield)
rNeg    . . .        a - +0 robe
rPois   .            (no helmet)
rElec   .            (no cloak)
rCorr   .            (no gloves)
SInv    .            (no boots)
Will    .....        (no amulet)
Stlth   ++           (no ring)
HPRegen 0.26/turn    (no ring)
MPRegen 0.11/turn

%: no passive effects
@: no status effects
A: weakness stinger 1
a: no special abilities


You were in a sewer.
You visited 1 branch of the dungeon, and saw 3 of its levels.
You also visited: Sewer.

You collected 91 gold pieces.

Inventory:

Hand Weapons
 d - a +0 whip (weapon)
Missiles
 h - 8 poisoned darts (quivered)
Armour
 a - a +0 robe (worn)
Jewellery
 g - an amulet of reflection
 m - an amulet of guardian spirit
Scrolls
 c - 4 scrolls of identify {unknown}
 e - 2 scrolls of teleportation {unknown}
 i - a scroll of amnesia {unknown}
 j - a scroll of butterflies {unknown}
 l - a scroll of torment {unknown}
 o - 2 scrolls of immolation {unknown}
 q - a scroll of revelation {unknown}
 r - a scroll of poison {unknown}
Potions
 b - a potion of magic
 f - a potion of mutation {unknown}
 k - a potion of brilliance {unknown}
 n - a potion of attraction {unknown}
 p - a potion of heal wounds {unknown}
 s - a potion of cancellation {unknown}


   Skills:
 + Level 2.1 Fighting
 + Level 2.8 Dodging
 - Level 2.0 Stealth
 + Level 3.0 Spellcasting
 + Level 5.2 Necromancy


You had 9 spell levels left.
You knew the following spells:

 Your Spells              Type           Power      Damage    Failure   Level
a - Necrotise             Necr           84%        1d8       1%          1

Your spell library contained the following spells:

 Spells                   Type           Power      Damage    Failure   Level
 Sublimation of Blood     Necr           21%        N/A       3%          2
 Vampiric Draining        Necr           21%        2d7       6%          3
 Shock                    Conj/Air       8%         1d3       16%         1
 Animate Dead             Necr           21%        N/A       19%         4
 Hailstorm                Conj/Ice       2%         3d5       43%         3
 Curse of Agony           Necr           21%        N/A       47%         5
 Petrify                  Alch/Erth      2%         N/A       85%         4
 Irradiate                Conj/Alch      1%         3d12      99%         5
 Silence                  Hex/Air        1%         N/A       99%         5
 Chain Lightning          Conj/Air       1%         3d1       100%        9


Dungeon Overview and Level Annotations

Branches:
Dungeon (3/15)              Sewer (1/1)

Altars:

Shops:
D:1 ?


Innate Abilities, Weirdness & Mutations

You have a small tail.


Message History

The kobold brigand hits you with a +0 club!
* * * LOW HITPOINT WARNING * * *
The kobold brigand splashes around in the water.
You hit the kobold brigand.
The kobold brigand is moderately wounded.
The kobold brigand splashes around in the water.
You hit the kobold brigand.
The kobold brigand is moderately wounded.
The kobold brigand hits you with a +0 club.
* * * LOW HITPOINT WARNING * * *
You closely miss the kobold brigand.
The kobold brigand is moderately wounded.
The kobold brigand splashes around in the water.
Casting: Necrotise (safe; 1% risk of failure)
Confirm with . or Enter, or press ? or * to list all spells.
You don't have enough magic to cast this spell.
Casting: Necrotise (safe; 1% risk of failure)
Confirm with . or Enter, or press ? or * to list all spells.
You don't have enough magic to cast this spell.
You barely miss the kobold brigand. You tail-slap the kobold brigand.
The kobold brigand is heavily wounded.
The kobold brigand hits you with a +0 club.
* * * LOW HITPOINT WARNING * * *
You hit the kobold brigand but do no damage.
The kobold brigand is heavily wounded.
The kobold brigand barely misses you.
Casting: Necrotise (safe; 1% risk of failure)
Confirm with . or Enter, or press ? or * to list all spells.
Aiming: Necrotise (safe; 1% risk of failure)
Press: ? - help, Shift-Dir - straight line, f/p - kobold brigand
Aim: a kobold brigand, wielding a +0 club and quivering curare-tipped darts (heavily wounded, chance to affect: 80%)
The kobold brigand writhes in agony!
The kobold brigand splashes around in the water.
Casting: Necrotise (safe; 1% risk of failure)
Confirm with . or Enter, or press ? or * to list all spells.
You don't have enough magic to cast this spell.
You hit the kobold brigand.
The kobold brigand is almost dead.
The kobold brigand hits you with a +0 club.
You die...

#####
#S#.# #~
~#~#~#
#~
~#~#~#
~#~#~#K#
~.~#.~@#
#~###.##
#~# #~#
#~###.#
#~~..~#
##~~~##
#~~~#
#.~~# .#
##~~~#


You could see a kobold brigand.

Vanquished Creatures
  Terence (D:2)
  4 gnolls
  3 adders
  3 ribbon worms
  2 dart slugs (D:1)
  7 ball pythons
  7 bats
  5 endoplasms
  3 giant cockroaches
  6 goblins
  5 hobgoblins
  3 quokkas
  2 frilled lizards (D:2)
  5 kobolds
  5 rats
61 creatures vanquished.

Vanquished Creatures (collateral kills)
  A ball python (D:3)
  A frilled lizard (D:3)
  A rat (D:1)
3 creatures vanquished.

Grand Total: 64 creatures vanquished

Notes
Turn   | Place    | Note
-------+----------+-------------------------------------------
     0 | D:1      | PaiMei the Demonspawn Necromancer began the quest for the
                  | Orb.
     0 | D:1      | Reached XP level 1. HP: 13/13 MP: 3/3
    55 | D:1      | Gained mutation: You have a small tail. [demonic ancestry]
    55 | D:1      | Reached XP level 2. HP: 19/19 MP: 0/5
   424 | D:1      | Found Viem's Magic Scroll Emporium.
   668 | D:1      | Reached XP level 3. HP: 25/25 MP: 4/6
  1097 | D:1      | Got Visehitz's Guidebook on Power and Curses
  1159 | D:1      | Reached skill level 1 in Fighting
  1638 | D:2      | Reached XP level 4. HP: 5/32 MP: 0/7
  1885 | D:2      | Noticed Terence
  2299 | D:2      | Reached skill level 5 in Necromancy
  2819 | D:2      | Killed Terence
  3031 | D:2      | Reached XP level 5. HP: 38/38 MP: 3/9
  3332 | D:3      | Found a glowing drain.
  3410 | Sewer    | Entered a sewer
  3452 | Sewer    | HP: 1/38 [kobold brigand/+0 club (5)]
  3455 | Sewer    | Slain by a kobold brigand

Illustrated notes

Levels and vault maps discovered:
D:1:      doesnt_arrival_eight_statues, layout_basic, serial_shops, shop,
          corner_web_ring, minmay_misc_feat_tower, minmay_tetromino_o4
D:2:      layout_basic, serial_bayou_lake_a, uniq_terence
D:3:      layout_loops_ring, mainiacjoe_overflow_24_doors,
          cheibrodos_sewer_entry_sluice, hellmonk_ecumenical_altar_watching_god
Sewer:    sewer_co_tree

Skill      XL: |  1  2  3  4  5 |
---------------+----------------+-----
Dodging        | 2 |  2.8
Stealth        | 2 |  2.0
Fighting       | 1 2 |  2.1
Necromancy     | 5 |  5.2
Spellcasting   | 3 |  3.0

Action                     |  1- 3 |  4- 6 || total
---------------------------+-------+-------++-------
  Melee: Whip              |     3 |    12 ||    15
         Unarmed           |     1 |       ||     1
         Tailslap          |       |     3 ||     3
   Cast: Necrotise         |    65 |    67 ||   132
 Armour: Robe              |    11 |    17 ||    28
  Dodge: Dodged            |    11 |    12 ||    23
